 Dungeon Crawl Stone Soup version 0.25.1-2-g60ff931df9 (webtiles) character file.

Game seed: 6299346186717322721

780429 Matius the Conqueror (level 27, -26/245 HPs)
             Began as a Minotaur Berserker on Aug 10, 2020.
             Was the Champion of Trog.
             Annihilated by an Orb Guardian (31 damage)
             ... on level 5 of the Realm of Zot.
             The game lasted 04:40:13 (81132 turns).

Matius the Conqueror (Minotaur Berserker)          Turns: 81132, Time: 04:40:14

Health: -26/245    AC: 35    Str: 43    XL:     27
Magic:  19/19      EV: 34    Int:  1    God:    Trog [******]
Gold:   1133       SH:  0    Dex: 35    Spells: 26/26 levels left

rFire    + + .     SeeInvis .   U - +10 battleaxe "Tyneg" {vorpal, rPois Str+3}
rCold    + + .     Gourm    .   (shield currently unavailable)
rNeg     + + .     Faith    .   S - +9 plate armour of Infinity {Harm rF- Str+3 Dex+9}
rPois    +         Spirit   .   Y - +2 hat {MR+}
rElec    .         Reflect  .   X - scarf {repulsion}
rCorr    .         Harm     +   i - +1 pair of gloves
MR       ++++.     Rnd*Tele +   o - +2 pair of boots {Fly}
Stlth    ++........             m - amulet "Okadd" {Acrobat MR+ Int-5 Dex+7 Slay-3}
HPRegen  0.50/turn              u - ring "Azaipnia" {rF++ rN+ Str+6 Dex+5}
MPRegen  0.16/turn              R - ring "Hivuq" {*Drain +Inv rF+ rC++ rN+ Dex+4}

@: about to teleport, vertigo, flying, contaminated, slowed, glowing, studying 2
skills, repel missiles, very slow
A: retaliatory headbutt, horns 2, clumsy 1, deformed body, frail 1, low mp 1,
teleportitis 1, no potion heal 1, MP-powered wands
}: 3/15 runes: decaying, icy, gossamer
a: Berserk, Trog's Hand, Brothers in Arms, Renounce Religion, Evoke
Invisibility, Stop Flying


You were on level 5 of the Realm of Zot.
You worshipped Trog.
Trog was exalted by your worship.
You were near starving.

You visited 10 branches of the dungeon, and saw 53 of its levels.
You visited 1 bazaar.
You also visited: Trove, Gauntlet and Ice Cave.

You collected 7177 gold pieces.
You spent 6044 gold pieces at shops.

Inventory:

Hand Weapons
 t - a +8 executioner's axe of flaming
 U - the +10 battleaxe "Tyneg" (weapon) {vorpal, rPois Str+3}
   (Trog gifted it to you on level 2 of the Realm of Zot)

   It inflicts extra damage upon your enemies.
   It affects your strength (+3).
   It protects you from poison.
Missiles
 v - 76 boomerangs (quivered)
Armour
 i - a +1 pair of gloves (worn)
 o - a +2 pair of boots of flying (worn)
 N - a scarf of resistance
 S - the +9 plate armour of Infinity (worn) {Harm rF- Str+3 Dex+9}
   (You found it on level 14 of the Dungeon)

   It affects your strength (+3).
   It affects your dexterity (+9).
   It makes you vulnerable to fire.
   It increases damage dealt and taken.
 X - a scarf of repulsion (worn)
 Y - a +2 hat of magic resistance (worn)
Jewellery
 m - the amulet "Okadd" (around neck) {Acrobat MR+ Int-5 Dex+7 Slay-3}
   (You found it in a Gauntlet)

   [amulet of the acrobat]

   It helps you evade while moving and waiting.
   It affects your intelligence (-5).
   It affects your dexterity (+7).
   It affects your accuracy and damage with ranged weapons and melee attacks
   (-3).
   It affects your resistance to hostile enchantments.
 u - the ring "Azaipnia" (left hand) {rF++ rN+ Str+6 Dex+5}
   (You bought it in a shop on level 3 of the Depths)

   [ring of strength]

   It affects your strength (+6).
   It affects your dexterity (+5).
   It greatly protects you from fire.
   It protects you from negative energy.
 B - the amulet "Etuagive" {rF+ Regen+}
   (You found it in a treasure trove)

   [amulet of regeneration]

   It protects you from fire.
   It increases your rate of regeneration.
 M - an uncursed ring of see invisible
 Q - an uncursed ring of protection from magic
 R - the ring "Hivuq" (right hand) {*Drain +Inv rF+ rC++ rN+ Dex+4}
   (You found it on level 2 of the Lair of Beasts)

   [ring of positive energy]

   It affects your dexterity (+4).
   It protects you from fire.
   It greatly protects you from cold.
   It protects you from negative energy.
   It lets you turn invisible.
   It causes draining when unequipped.
 V - the ring "Feikotux" {rN++ Stlth+}
   (You took it off a wight on level 7 of Cocytus)

   [ring of stealth]

   It greatly protects you from negative energy.
   It makes you more stealthy.
Wands
 F - a wand of digging (26)
Scrolls
 a - 4 scrolls of teleportation
 d - 7 scrolls of fear
 e - 22 scrolls of remove curse
 h - 15 scrolls of identify
 l - 4 scrolls of fog
 p - a scroll of enchant armour
 r - 2 scrolls of magic mapping
 w - 8 scrolls of immolation
 y - 3 scrolls of brand weapon
 z - 2 scrolls of blinking
 D - 3 scrolls of holy word
 I - 2 scrolls of silence
 J - a scroll of summoning
Potions
 g - 8 potions of berserk rage
 j - 5 potions of cancellation
 k - a potion of resistance
 s - 18 potions of curing
 x - 9 potions of might
 A - 6 potions of ambrosia
 C - 5 potions of invisibility
 E - 6 potions of mutation
 K - 6 potions of stabbing
 L - 5 potions of flight
 T - 8 potions of haste
Books
 b - a manual of Short Blades
 O - a manual of Staves
Miscellaneous
 f - a phial of floods
 n - the horn of Geryon
 q - a lightning rod (4/4)
 G - 4 boxes of beasts
 H - 5 phantom mirrors
 P - a phial of floods
Comestibles
 c - 52 rations
 W - 7 chunks of flesh


   Skills:
 O Level 27 Fighting
 - Level 26.0 Axes
 O Level 27 Armour
 O Level 27 Dodging
 + Level 23.8 Stealth


You had 26 spell levels left.
You didn't know any spells.
Your spell library was empty.

Dungeon Overview and Level Annotations

Branches:
Dungeon (15/15)            Temple (0/1) D:6            Lair (6/6) D:11
  Swamp (4/4) Lair:2       Spider (4/4) Lair:3        Slime (0/5) Lair:6
    Orc (2/2) D:9             Elf (0/3) Orc:2        Vaults (4/5) D:14
  Crypt (0/3) Vaults:2     Depths (5/5) D:15           Hell (visited)
    Dis (0/7) Hell            Geh (0/7) Hell            Coc (7/7) Hell
    Tar (0/7) Hell            Zot (5/5) Depths:5      IceCv (visited)
Gauntlet (visited)

Altars:
Ashenzari
Cheibriados
Elyvilon
Gozag
Kikubaaqudgha
Nemelex Xobeh
Ru
Trog
Vehumet
The Shining One
Beogh
Lugonu

Shops:
D:4 :   D:6 (   D:12 !   Orc:2 !((?   Depths:1 =!*   Depths:3 ==}

Portals:
Hell: Depths:1 Depths:2 Depths:3 Depths:4 Depths:5
Abyss: Depths:2 Depths:4 Depths:5
Pandemonium: Depths:3 Depths:4
Ziggurat: Depths:4

Annotations:
Depths:2 2 transporters
Coc:7 Antaeus


Innate Abilities, Weirdness & Mutations

You reflexively headbutt those who attack you in melee.
You have a pair of horns on your head.
You are clumsy. (Dex -2)
Armour fits poorly on your strangely shaped body.
You are frail. (-10% HP)
Your magical capacity is low. (-10% MP)
You are occasionally teleported next to monsters.
Potions are less effective at restoring your health.
You expend magic power (3 MP) to strengthen your wands.


Message History

The Orb Guardian completely misses you. You furiously retaliate!
You headbutt the Orb Guardian. The Orb Guardian hits you!
* * * LOW HITPOINT WARNING * * *
An Orb Guardian comes into view.
Unknown command.
Okay, then.
Okay, then.
Press: ? - help, v - describe, . - travel
Here: a storm dragon The floor.
Your system partially rejects the healing.
You feel better. The Orb Guardian barely misses you. You furiously retaliate!
You headbutt the Orb Guardian, but do no damage.
The Orb Guardian hits you.
* * * LOW HITPOINT WARNING * * *
The Killer Klown blinks!
The Orb Guardian completely misses you. The Orb Guardian hits you!
* * * LOW HITPOINT WARNING * * *
The Orb Guardian hits you!!
You die...

▓ ▓▓... #
##▓......
.##
#@XD.....
..# ▓▓▓▓▓
#X.XX.....
..▓ ▓dl..§
▓.........
..▓▓qXX...
▓.X.......
.y▓Xddd...
▓.........


.DXXzXXp0. ..[....... .X▓.XX*... ▓......... p*▓▓dX.... ▓......... p.▓ ▓..... You
could see a tentacled monstrosity, a storm dragon and 4 Orb Guardians.

Vanquished Creatures
  4 orbs of fire
  An ancient lich (Coc:5)
  A juggernaut (Depths:3)
  the Lernaean hydra (Swamp:4)
  71 shard shrikes
  Geryon (Hell)
  5 golden dragons
  10 bone dragons
  Nikola (Spider:3)
  2 electric golems
  14 tentacled monstrosities
  50 Ice Fiends
  10 Orb Guardians (Zot:5)
  4 liches
  4 quicksilver dragons
  Frances (Spider:1)
  Gastronok (D:11)
  Murray (Hell)
  4 death cobs
  7 storm dragons
  A sphinx (Depths:1)
  11 shadow dragons
  Kirke (Lair:6)
  7 tengu reavers
  A thorn hunter (Swamp:4)
  5 draconian scorchers
  7 draconian monks
  7 vault wardens
  Louise (Depths:2)
  8 frost giants
  A fire giant (Depths:2)
  9 draconian knights
  An orc warlord (Orc:2)
  8 ghost moths
  A deep elf sorcerer (Vaults:3)
  2 balrugs
  An iron dragon (Depths:4)
  5 emperor scorpions (Spider:4)
  6 draconian shifters
  6 draconian stormcallers
  Aizul (Swamp:1)
  14 ironheart preservers
  6 draconian annihilators
  A caustic shrike skeleton (Depths:3)
  4 elemental wellsprings
  7 entropy weavers
  2 war gargoyles
  8 green draconians
  18 very ugly things
  35 reapers
  14 white draconians
  16 stone giants
  A deep elf demonologist (Vaults:4)
  The ghost of Kuapef the Unseen, a journeyman SpEn of Dithmenos (Zot:2)
  11 black draconians
  4 yellow draconians
  A dire elephant (Lair:6)
  A deep elf annihilator (Vaults:4)
  A lorocyproca (Hell)
  19 red draconians
  22 blizzard demons
  15 spark wasps
  7 purple draconians
  4 kraken zombies
  A deep elf death mage (Vaults:4)
  4 quicksilver dragon zombies
  11 ettins
  A jiangshi (Vaults:2)
  12 fire dragons
  2 merfolk impalers (Depths:4)
  A crystal guardian (Vaults:4)
  3 quicksilver dragon skeletons
  6 rakshasas
  34 ice dragons
  Josephine (D:12)
  Harold (D:11)
  7 great orbs of eyes
  16 yaktaur captains
  4 catoblepae
  4 shambling mangroves
  A vault guard (Vaults:3)
  28 hydras
  2 spriggan air magi
  18 ogre magi
  13 centaur warriors
  A ghost crab (Swamp:3)
  49 two-headed ogres
  5 hell hogs (Hell)
  7 death yaks
  8 alligators
  9 deep troll shamans
  8 tengu warriors
  2 death knights
  A titan zombie (Coc:5)
  3 vampire magi
  10 deep troll earth magi
  4 orc high priests (Orc:2)
  3 spriggan berserkers
  3 storm dragon zombies
  2 soul eaters
  7 sun demons
  8 storm dragon skeletons
  8 titan skeletons
  9 spriggans
  6 shadow wraiths
  6 iron trolls
  5 deep elf knights
  10 hell knights
  4 golden dragon zombies
  58 skeletal warriors
  A swamp dragon (shapeshifter) (Depths:4)
  6 unseen horrors
  17 anaconda zombies
  A spark wasp zombie (Depths:3)
  3 shadow dragon zombies
  4 glowing orange brains
  11 swamp dragons
  2 ghost moth zombies
  A wizard (Depths:2)
  A shadow demon (Depths:3)
  5 flayed ghosts
  35 deep trolls
  A spriggan druid (Swamp:2)
  10 ironbrand convokers
  4 golden dragon skeletons
  9 anaconda skeletons
  3 deep elf archers (Vaults:3)
  6 phantasmal warriors
  2 harpies (shapeshifter)
  36 wolf spiders
  5 lindwurms
  5 orc sorcerers
  4 iron dragon zombies
  6 wolf spider zombies
  16 orc knights
  3 harpies (Vaults:1)
  10 necromancers
  40 ugly things
  17 orb spiders
  10 deep elf magi
  A frost giant zombie (Coc:7)
  10 stone giant zombies
  An oklob plant (Lair:2)
  6 cyclopes
  4 fire giant zombies
  34 moths of wrath
  3 iron dragon skeletons
  A shadow dragon skeleton (Coc:1)
  An elephant (shapeshifter) (D:13)
  A human skeleton (Vaults:1)
  2 manticores (D:15)
  2 shock serpent zombies
  A black mamba (shapeshifter) (D:14)
  3 black mambas
  4 frost giant skeletons
  4 stone giant skeletons
  5 centaur zombies
  2 eyes of devastation (Depths:4)
  8 fire giant skeletons
  3 titan simulacra (Coc:7)
  17 vault sentinels
  2 elephants (Lair:6)
  4 ice statues
  4 smoke demons
  3 dire elephant zombies
  2 molten gargoyles (Hell)
  19 spiny frogs
  2 gargoyles (D:14)
  5 spectral swamp worms (Depths:3)
  5 emperor scorpion zombies
  A kobold demonologist (D:14)
  10 komodo dragons
  A catoblepas zombie (Coc:5)
  6 storm dragon simulacra
  A hellion (Hell)
  4 dire elephant skeletons
  67 freezing wraiths
  A redback zombie (D:15)
  An elf skeleton (Depths:3)
  2 torpor snails
  24 tormentors
  6 anaconda simulacra
  A komodo dragon (shapeshifter) (Vaults:4)
  22 demonic crawlers
  5 rime drakes
  62 yaktaurs
  52 ice devils
  2 efreet
  A hellwing (Depths:3)
  24 hydra zombies
  A catoblepas skeleton (Coc:7)
  4 tengu conjurers
  2 polar bears (shapeshifter)
  11 trolls
  4 red devils
  A queen bee (Lair:2)
  7 polar bears
  A harpy zombie (Coc:7)
  6 meliai
  A queen bee (shapeshifter) (D:14)
  11 tyrant leeches
  18 hornets
  41 jumping spiders
  16 alligator zombies
  61 slime creatures
  9 blink frogs
  3 ice dragon zombies
  2 harpy skeletons
  A raiju (Gauntlet)
  5 dream sheep
  10 hippogriffs
  15 hydra skeletons
  9 ettin zombies
  5 bog bodies
  A fire dragon zombie (Coc:1)
  Sigmund (D:2)
  A black mamba zombie (Coc:7)
  141 flying skulls
  4 ice dragon skeletons
  2 stone giant simulacra
  81 redbacks
  A dire elephant simulacrum (Coc:7)
  9 shadows
  30 tarantellas
  3 centaur simulacra
  8 fire dragon skeletons
  A spriggan (shapeshifter) (Depths:1)
  7 ettin skeletons
  28 water elementals
  2 wyverns
  27 wraiths
  4 alligator skeletons
  20 fire elementals
  6 hogs (Lair:6)
  A human (shapeshifter) (D:14)
  A yak (shapeshifter) (Gauntlet)
  Eustachio (D:5)
  A fire bat (shapeshifter) (Vaults:3)
  60 yaks
  Grum (Lair:1)
  8 basilisks
  A black mamba skeleton (Coc:2)
  A steam dragon (Lair:6)
  A golden eye (shapeshifter) (Vaults:1)
  5 hungry ghosts
  A minotaur simulacrum (Coc:3)
  26 vampire mosquitoes
  A basilisk (shapeshifter) (Depths:4)
  4 acid dragons
  A soldier ant (D:13)
  An ogre zombie (Vaults:1)
  10 insubstantial wisps
  10 wargs
  7 human zombies
  19 swamp worms
  16 spiny frog zombies
  Duvessa (D:5)
  11 water moccasins
  A floating eye (shapeshifter) (Gauntlet)
  A merfolk zombie (Coc:5)
  2 floating eyes
  6 hydra simulacra
  A water moccasin (shapeshifter) (Vaults:4)
  5 spiny frog skeletons
  2 merfolk skeletons (Coc:3)
  2 hell hounds (Hell)
  13 porcupines
  29 ice beasts
  57 orc warriors
  A sky beast (D:14)
  A black bear (shapeshifter) (Vaults:1)
  2 black bears
  An eye of draining (shapeshifter) (Vaults:1)
  3 orc zombies
  18 swamp drakes
  A manticore zombie (Coc:1)
  3 phantoms
  An ice dragon simulacrum (Coc:7)
  A black mamba simulacrum (Coc:6)
  2 alligator simulacra (Coc:4)
  49 ogres
  4 boggarts (Depths:4)
  9 snapping turtle zombies
  36 wolves
  4 necrophages
  2 snapping turtle skeletons (Coc:3)
  5 swamp dragon zombies
  A tengu (shapeshifter) (Vaults:3)
  16 centaurs
  19 crocodiles
  A big kobold (D:8)
  A wyvern zombie (D:11)
  20 bullfrogs
  A yaktaur skeleton (Vaults:1)
  2 spiny frog simulacra (Coc:5)
  Dowan (D:5)
  A wyvern skeleton (D:13)
  6 scorpions
  A spriggan zombie (Coc:7)
  A troll zombie (Coc:7)
  A swamp dragon simulacrum (Coc:1)
  An elf simulacrum (Vaults:3)
  26 killer bees
  2 manticore simulacra
  57 wights
  4 electric eels
  4 howler monkeys
  A spriggan skeleton (Coc:7)
  A vampire bat (Lair:1)
  A lava snake (D:13)
  8 crimson imps
  A bullfrog zombie (D:8)
  A draconian simulacrum (IceCv)
  8 hounds
  A quasit (D:14)
  An iron imp (Depths:3)
  3 jellies
  27 orc wizards
  6 centaur skeletons
  40 orc priests
  12 iguanas
  A spriggan simulacrum (IceCv)
  A lightning spire (Gauntlet)
  3 troll simulacra (IceCv)
  13 worker ants
  A naga zombie (Coc:4)
  A bullfrog simulacrum (D:12)
  2 hound zombies
  A hound skeleton (D:6)
  8 mummies
  A worker ant zombie (D:10)
  A howler monkey zombie (D:10)
  11 adders
  5 gnolls
  A howler monkey skeleton (D:4)
  3 ogre simulacra (IceCv)
  2 naga simulacra (IceCv)
  7 shadow imps
  41 white imps
  2 ufetubi
  An adder zombie (D:6)
  An adder skeleton (D:5)
  6 worms
  5 dart slugs
  4 leopard geckos
  149 orcs
  2 ball pythons
  10 giant cockroaches
  7 goblins
  7 hobgoblins
  6 jackals
  10 kobolds
  3 quokkas
  14 bats
  3 frilled lizards
  A jackal zombie (D:5)
  A kobold simulacrum (Coc:7)
  A kobold zombie (Coc:7)
  A leopard gecko skeleton (D:4)
  A quokka skeleton (D:7)
  4 rats
  A butterfly (Lair:3)
  10 fungi
  24 plants
  2 tentacles
3355 creatures vanquished.

Vanquished Creatures (collateral kills)
  A golden dragon (Zot:2)
  2 tentacled monstrosities
  An ironheart preserver (Vaults:2)
  3 stone giants
  A minotaur (Gauntlet)
  2 two-headed ogres (Vaults:1)
  An orb spider (Spider:4)
  3 slime creatures (Vaults:1)
  A minotaur zombie (Gauntlet)
  A redback (Spider:4)
  A sky beast (D:13)
  2 ogres
  2 killer bees (Lair:2)
  A wight (D:8)
  A worker ant (D:10)
23 creatures vanquished.

Vanquished Creatures (others)
  A shard shrike (Coc:3)
  A lich (Depths:2)
  A fire giant (Vaults:4)
  A draconian shifter (Zot:2)
  A red draconian (Zot:5)
  An ogre mage (Vaults:1)
  A deep troll (Depths:1)
  An iron dragon skeleton (Coc:5)
  A vault sentinel (Vaults:1)
  A freezing wraith (Coc:7)
  2 jumping spiders (Spider:4)
  A tyrant leech (Swamp:3)
  A hornet (Swamp:3)
  2 redbacks (Spider:4)
  A flying skull (Coc:7)
  A tarantella (Spider:4)
  A water elemental (Coc:7)
  A scorpion (D:13)
  2 orcs
  4 briar patches (Swamp:4)
  A bush (Lair:2)
  10 fungi
  11 plants
  12 tentacles
60 creatures vanquished.

Grand Total: 3438 creatures vanquished

Notes
Turn   | Place    | Note
-------+----------+-------------------------------------------
     0 | D:1      | Matius the Minotaur Berserker began the quest for the Orb.
     0 | D:1      | Reached XP level 1. HP: 19/19 MP: 0/0
   248 | D:1      | Reached XP level 2. HP: 27/27 MP: 1/1
   551 | D:1      | Reached XP level 3. HP: 32/34 MP: 2/2
   661 | D:2      | Reached ** piety under Trog
   771 | D:2      | Reached XP level 4. HP: 13/41 MP: 3/3
  1091 | D:2      | Reached skill level 5 in Axes
  1279 | D:2      | Noticed Sigmund
  1833 | D:2      | Killed Sigmund
  1833 | D:2      | Reached skill level 5 in Fighting
  1833 | D:2      | Reached XP level 5. HP: 48/48 MP: 4/4
  1833 | D:2      | Reached XP level 6. HP: 56/56 MP: 5/5
  2689 | D:3      | Found a white marble altar of Elyvilon.
  2743 | D:3      | Reached *** piety under Trog
  3365 | D:4      | Found Daxzetwe's Book Shoppe.
  3378 | D:4      | Reached XP level 7. HP: 54/61 MP: 6/6
  3420 | D:4      | Found an ancient bone altar of Kikubaaqudgha.
  3435 | D:4      | Found a bloodstained altar of Trog.
  3435 | D:4      | Found a shattered altar of Ashenzari.
  3436 | D:4      | Found a glowing golden altar of the Shining One.
  3721 | D:5      | Entered Level 5 of the Dungeon
  3859 | D:5      | Found a sparkling altar of Nemelex Xobeh.
  4164 | D:5      | Noticed Eustachio
  4172 | D:5      | Killed Eustachio
  4172 | D:5      | Reached skill level 5 in Armour
  4422 | D:5      | Noticed Duvessa
  4422 | D:5      | Noticed Dowan
  4427 | D:5      | Killed Duvessa
  4427 | D:5      | Reached XP level 8. HP: 71/71 MP: 7/7
  4430 | D:5      | Killed Dowan
  4646 | D:6      | Got a glimmering dagger
  4647 | D:6      | Identified the cursed +2 dagger "Hydrabane" {vorpal, Str+6
                  | Dex-2} (You found it on level 6 of the Dungeon)
  4664 | D:6      | Reached **** piety under Trog
  5123 | D:6      | Found Liv Siyt's Weapon Shop.
  5429 | D:6      | Found a staircase to the Ecumenical Temple.
  5526 | D:6      | Found an opulent altar of Gozag.
  5916 | D:7      | Reached skill level 10 in Axes
  5916 | D:7      | Reached XP level 9. HP: 70/79 MP: 8/8
  6447 | D:8      | Found a sacrificial altar of Ru.
  6514 | D:8      | Reached skill level 5 in Dodging
  7338 | D:9      | Noticed a two-headed ogre
  7345 | D:9      | Killed a two-headed ogre
  7788 | D:9      | Reached XP level 10. HP: 82/88 MP: 9/9
  7815 | D:9      | Found a radiant altar of Vehumet.
  7934 | D:9      | Reached ***** piety under Trog
  7991 | D:9      | Noticed a fire dragon
  8005 | D:9      | Killed a fire dragon
  8005 | D:9      | Reached skill level 10 in Armour
  8313 | D:9      | Received a gift from Trog
  8698 | D:9      | Found a staircase to the Orcish Mines.
  8860 | D:9      | Noticed a two-headed ogre
  8874 | D:9      | Killed a two-headed ogre
  9181 | D:10     | Entered Level 10 of the Dungeon
  9192 | D:10     | Killed an unseen horror
  9211 | D:10     | Reached XP level 11. HP: 97/97 MP: 10/10
  9812 | D:10     | Noticed an ogre mage
  9826 | D:10     | Killed an ogre mage
  9897 | D:10     | Found a snail-covered altar of Cheibriados.
  9984 | D:11     | Noticed a two-headed ogre
  9992 | D:11     | Killed a two-headed ogre
 10099 | D:11     | Reached skill level 15 in Axes
 10155 | D:11     | Noticed a white ugly thing
 10163 | D:11     | Killed a white ugly thing
 10217 | D:11     | Noticed a two-headed ogre
 10227 | D:11     | Killed a two-headed ogre
 10331 | D:11     | Reached skill level 10 in Fighting
 10366 | D:11     | Noticed Harold
 10385 | D:11     | Killed Harold
 10475 | D:11     | Noticed a two-headed ogre
 10482 | D:11     | Killed a two-headed ogre
 10720 | D:11     | Killed an unseen horror
 10951 | D:11     | Noticed Gastronok
 10963 | D:11     | Killed Gastronok
 10963 | D:11     | Reached XP level 12. HP: 108/108 MP: 11/11
 11142 | D:11     | Found a staircase to the Lair.
 11404 | D:12     | Found a frozen archway.
 11405 | D:12     | Noticed an ice dragon
 11429 | D:12     | Killed an ice dragon
 11496 | IceCv    | Entered an ice cave
 12079 | IceCv    | Received a gift from Trog
 12084 | IceCv    | Got a fine battleaxe {god gift}
 12085 | IceCv    | Identified the +3 battleaxe of Asudecli {vorpal, Dex+6}
                  | (Trog gifted it to you in an ice cave)
 12903 | D:12     | Noticed Josephine
 12913 | D:12     | Killed Josephine
 12913 | D:12     | Reached XP level 13. HP: 118/118 MP: 12/12
 13077 | D:12     | Found Ocve's Distillery.
 13109 | D:12     | Bought a potion of might for 68 gold pieces
 13109 | D:12     | Bought a potion of stabbing for 68 gold pieces
 13109 | D:12     | Bought a potion of haste for 170 gold pieces
 13109 | D:12     | Bought a potion of curing for 51 gold pieces
 13109 | D:12     | Bought 2 potions of heal wounds for 170 gold pieces
 13883 | D:13     | Found a portal to a secret trove of treasure.
 14095 | D:13     | Noticed a frost giant
 14107 | D:13     | Noticed a tengu reaver
 14405 | D:13     | Found a runed translucent gate.
 14405 | D:13     | Found a runed translucent gate.
 14405 | D:13     | Found a runed translucent gate.
 14452 | D:13     | Found a runed translucent gate.
 14452 | D:13     | Found a runed translucent gate.
 14452 | D:13     | Found a runed translucent gate.
 14962 | D:14     | Found a gate leading to a gauntlet.
 14984 | Gauntlet | Entered a Gauntlet
 14984 | Gauntlet | Found a transporter.
 14984 | Gauntlet | Found a transporter.
 14990 | Gauntlet | Found a transporter.
 15001 | Gauntlet | Found a runed translucent door.
 15004 | Gauntlet | Found a transporter.
 15019 | Gauntlet | Found a transporter.
 15019 | Gauntlet | Found a transporter.
 15021 | Gauntlet | Found a transporter.
 15022 | Gauntlet | Found a transporter.
 15022 | Gauntlet | Found a transporter.
 15036 | Gauntlet | Found a transporter.
 15050 | Gauntlet | Found a runed translucent gate.
 15051 | Gauntlet | Found a transporter.
 15051 | Gauntlet | Found a runed translucent gate.
 15052 | Gauntlet | Found a runed translucent gate.
 15061 | Gauntlet | Found a transporter.
 15061 | Gauntlet | Noticed an entropy weaver
 15075 | Gauntlet | Found a transporter.
 15096 | Gauntlet | Found a transporter.
 15096 | Gauntlet | Identified the +10 eveningstar of Oczuingu {vamp, rF+ Str+7
                  | Dex-5 Stlth+}
 15204 | Gauntlet | Paralysed by a floating eye for 2 turns
 15220 | Gauntlet | Got a heavily runed copper amulet
 15221 | Gauntlet | Identified the amulet "Okadd" {Acrobat MR+ Int-5 Dex+7
                  | Slay-3} (You found it in a Gauntlet)
 15289 | Gauntlet | Got heavily runed storm dragon scales
 15300 | Gauntlet | Identified the cursed +1 storm dragon scales of Unarghyso
                  | {rElec rC+ Str+3} (You found it in a Gauntlet)
 15410 | Gauntlet | Killed an entropy weaver
 15414 | Gauntlet | Reached ****** piety under Trog
 15707 | Gauntlet | Noticed a minotaur
 15712 | Gauntlet | Killed a minotaur
 15715 | Gauntlet | Received a gift from Trog
 15996 | D:14     | Found a gate to the Vaults.
 15996 | D:14     | Noticed an ironheart preserver
 16004 | D:14     | Got an encrusted plate armour
 16057 | D:14     | Identified the +9 plate armour of Infinity {Harm rF- Str+3
                  | Dex+9} (You found it on level 14 of the Dungeon)
 16285 | D:14     | Killed an ironheart preserver
 16347 | D:14     | Reached XP level 14. HP: 129/129 MP: 13/13
 17379 | D:15     | Entered Level 15 of the Dungeon
 17920 | D:15     | Received a gift from Trog
 18514 | D:15     | Reached skill level 15 in Armour
 18515 | D:15     | Found a staircase to the Depths.
 18618 | D:15     | Reached skill level 15 in Fighting
 19136 | Lair:1   | Entered Level 1 of the Lair of Beasts
 19719 | Lair:1   | Noticed Grum
 19727 | Lair:1   | Killed Grum
 20199 | Lair:2   | Got a slimy hand axe
 20200 | Lair:2   | Identified the cursed +1 hand axe "Rirhoe" {flame, +Inv
                  | Dex+6} (You found it on level 2 of the Lair of Beasts)
 20350 | Lair:2   | Received a gift from Trog
 20695 | Lair:2   | Got a slimy turquoise ring
 21089 | Lair:2   | Reached XP level 15. HP: 143/143 MP: 14/14
 21113 | Lair:2   | Found a staircase to the Swamp.
 21454 | Lair:3   | Found a hole to the Spider Nest.
 21517 | Lair:3   | Identified the ring "Hivuq" {*Drain +Inv rF+ rC++ rN+
                  | Dex+4} (You found it on level 2 of the Lair of Beasts)
 22433 | Lair:4   | Received a gift from Trog
 24008 | Lair:5   | Identified a scroll of acquirement
 24194 | Lair:5   | Acquired 1090 gold pieces
 24411 | Lair:6   | Entered Level 6 of the Lair of Beasts
 24438 | Lair:6   | Received a gift from Trog
 24829 | Lair:6   | Noticed Kirke
 24830 | Lair:6   | Found a staircase to the Slime Pits.
 24835 | Lair:6   | Killed Kirke
 24932 | Lair:6   | Received a gift from Trog
 25060 | Lair:6   | Reached XP level 16. HP: 146/157 MP: 15/15
 25125 | Lair:6   | Acquired a +1 pair of boots of flying
 25910 | Orc:1    | Entered Level 1 of the Orcish Mines
 26330 | Orc:2    | Entered Level 2 of the Orcish Mines
 26343 | Orc:2    | Received a gift from Trog
 26633 | Orc:2    | Found a roughly hewn altar of Beogh.
 26636 | Orc:2    | Found Fadelueh's Magic Scroll Emporium.
 26643 | Orc:2    | Bought a scroll of blinking for 105 gold pieces
 26643 | Orc:2    | Bought a scroll of teleportation for 42 gold pieces
 26643 | Orc:2    | Bought a scroll of identify for 28 gold pieces
 26643 | Orc:2    | Bought a scroll of fear for 49 gold pieces
 26643 | Orc:2    | Bought a scroll of silence for 105 gold pieces
 26654 | Orc:2    | Found Leadoj's Weapon Shoppe.
 27352 | Orc:2    | Received a gift from Trog
 27419 | Orc:2    | Found a staircase to the Elven Halls.
 27504 | Orc:2    | Found a roughly hewn altar of Beogh.
 27688 | Orc:2    | Found Xeqoa's Distillery.
 27700 | Orc:2    | Bought a potion of heal wounds for 70 gold pieces
 27700 | Orc:2    | Bought a potion of curing for 42 gold pieces
 27700 | Orc:2    | Bought a potion of curing for 42 gold pieces
 27875 | Orc:2    | Found Xeamiliu's Antique Weapon Shop.
 28571 | Swamp:1  | Entered Level 1 of the Swamp
 28587 | Swamp:1  | Noticed Aizul
 28596 | Swamp:1  | Killed Aizul
 28835 | Swamp:1  | Received a gift from Trog
 29048 | Swamp:1  | Acquired a manual of Stealth
 29107 | Swamp:1  | Reached skill level 1 in Stealth
 29996 | Swamp:2  | Reached XP level 17. HP: 164/166 MP: 16/16
 30432 | Swamp:3  | Reached skill level 5 in Stealth
 30774 | Swamp:3  | Received a gift from Trog
 31390 | Swamp:4  | Entered Level 4 of the Swamp
 31789 | Swamp:4  | Received a gift from Trog
 31795 | Swamp:4  | Noticed the 27-headed Lernaean hydra
 31806 | Swamp:4  | Killed the 26-headed Lernaean hydra
 32089 | Swamp:4  | Got a decaying rune of Zot
 32748 | Spider:1 | Entered Level 1 of the Spider Nest
 33087 | Spider:1 | Noticed Frances
 33097 | Spider:1 | Killed Frances
 34014 | Spider:1 | Reached skill level 10 in Stealth
 34129 | Spider:1 | Reached XP level 18. HP: 152/176 MP: 17/17
 34172 | Spider:1 | Received a gift from Trog
 35850 | Spider:3 | Reached skill level 10 in Dodging
 36120 | Spider:3 | Received a gift from Trog
 36527 | Spider:4 | Entered Level 4 of the Spider Nest
 36784 | Spider:4 | Identified the -4 pair of gloves of the Vaults {Int+4
                  | Dex+4}
 36784 | Spider:4 | Noticed Nikola
 37081 | Spider:3 | Killed Nikola
 37211 | Spider:4 | Lost intelligence.
 37799 | Spider:4 | Received a gift from Trog
 38785 | Spider:4 | Got a gossamer rune of Zot
 39418 | Vaults:1 | Entered Level 1 of the Vaults
 39544 | Vaults:1 | Found a gateway to a bazaar.
 39552 | Bazaar   | Entered a bazaar
 39552 | Bazaar   | Found Woxec's Antique Armour Emporium.
 39552 | Bazaar   | Found Nisummep's Armour Shoppe.
 39552 | Bazaar   | Found Coimn's Gadget Shoppe.
 39552 | Bazaar   | Found Gicurem's Distillery.
 39552 | Bazaar   | Found Noomm's Weapon Shoppe.
 39585 | Bazaar   | Bought a potion of haste for 70 gold pieces
 39585 | Bazaar   | Bought a potion of ambrosia for 56 gold pieces
 39585 | Bazaar   | Bought a potion of curing for 21 gold pieces
 39585 | Bazaar   | Bought a potion of curing for 21 gold pieces
 39585 | Bazaar   | Bought 2 potions of might for 56 gold pieces
 39585 | Bazaar   | Bought a potion of heal wounds for 35 gold pieces
 39585 | Bazaar   | Bought a potion of heal wounds for 35 gold pieces
 39609 | Bazaar   | Bought a potion of invisibility for 56 gold pieces
 39704 | Vaults:1 | Reached XP level 19. HP: 176/185 MP: 14/18
 39882 | Vaults:1 | Received a gift from Trog
 40193 | Vaults:1 | You are sucked into a shaft and drop 1 floor!
 41626 | Vaults:1 | Got an ancient battleaxe
 41627 | Vaults:1 | Identified the cursed +2 battleaxe "Dih Aqa" {vorpal, +Rage
                  | rPois Str+4 Int+3} (You found it on level 1 of the Vaults)
 41991 | Vaults:2 | Received a gift from Trog
 42451 | Vaults:2 | Identified the +9 great sword of the Warrior {protect,
                  | *Contam +Inv rElec} (You found it on level 2 of the Vaults)
 42552 | Vaults:2 | Received a gift from Trog
 42560 | Vaults:2 | Reached XP level 20. HP: 168/195 MP: 19/19
 43303 | Vaults:2 | Found a staircase to the Crypt.
 43734 | Vaults:3 | Received a gift from Trog
 44961 | Vaults:3 | Received a gift from Trog
 45308 | D:13     | You paid a toll of 14 scrolls of teleportation to enter a
                  | treasure trove
 45309 | Trove    | Entered a treasure trove
 45383 | Trove    | Got a transparent bone amulet
 45384 | Trove    | Identified the amulet "Etuagive" {rF+ Regen+} (You found it
                  | in a treasure trove)
 45721 | D:13     | Identified the cursed +1 ring mail of the Butcher {Regen+}
                  | (You found it on level 13 of the Dungeon)
 46296 | Vaults:4 | Received a gift from Trog
 47398 | Vaults:4 | Reached XP level 21. HP: 206/206 MP: 20/20
 47885 | Vaults:4 | Reached XP level 22. HP: 215/215 MP: 21/21
 48340 | Depths:1 | Entered Level 1 of the Depths
 48344 | Depths:1 | Found a gateway to Hell.
 48464 | Depths:1 | Received a gift from Trog
 48712 | Depths:1 | Found Pydeack's Jewellery Emporium.
 48856 | Depths:1 | Found Owoad's Distillery.
 48892 | Depths:1 | Bought a potion of curing for 63 gold pieces
 48892 | Depths:1 | Bought a potion of curing for 63 gold pieces
 48892 | Depths:1 | Bought a potion of cancellation for 168 gold pieces
 48892 | Depths:1 | Bought a potion of cancellation for 168 gold pieces
 49235 | Depths:1 | Reached skill level 15 in Dodging
 49432 | Depths:1 | Found Kotiamas's Assorted Antiques.
 49440 | Depths:1 | Bought a scroll of acquirement for 1716 gold pieces
 49440 | Depths:1 | Bought a scroll of identify for 66 gold pieces
 49440 | Depths:1 | Acquired 610 gold pieces
 49822 | Hell     | Entered the Vestibule of Hell
 50064 | Hell     | Noticed Geryon
 50483 | Hell     | Killed Geryon
 50585 | Hell     | Noticed Murray
 50615 | Hell     | Killed Murray
 50875 | Hell     | Received a gift from Trog
 51033 | Hell     | Found a gateway to the Iron City of Dis.
 51220 | Hell     | Found a gateway to the decaying netherworld of Tartarus.
 51261 | Hell     | Found a gateway to the freezing wastes of Cocytus.
 51351 | Hell     | Found a gateway to the ashen valley of Gehenna.
 51414 | Coc:1    | Entered Level 1 of Cocytus
 51414 | Coc:1    | Found a gateway to Hell.
 51616 | Coc:1    | Reached XP level 23. HP: 215/225 MP: 22/22
 51706 | Coc:1    | Noticed a shard shrike
 51707 | Coc:1    | Killed a shard shrike
 52140 | Coc:1    | Noticed a shard shrike
 52140 | Coc:1    | Noticed a shard shrike
 52140 | Coc:1    | Noticed a shard shrike
 52140 | Coc:1    | Noticed a shard shrike
 52144 | Coc:1    | Killed a shard shrike
 52147 | Coc:1    | Killed a shard shrike
 52154 | Coc:1    | Killed a shard shrike
 52155 | Coc:1    | Killed a shard shrike
 52520 | Coc:1    | Received a gift from Trog
 52635 | Coc:2    | Found a gateway to Hell.
 52646 | Coc:2    | Found a gateway to Hell.
 53748 | Coc:2    | Found a gateway to Hell.
 54004 | Coc:2    | Noticed a shard shrike
 54007 | Coc:2    | Killed a shard shrike
 54659 | Coc:2    | Noticed a shard shrike
 54668 | Coc:2    | Killed a shard shrike
 54914 | Coc:2    | Noticed a shard shrike
 54914 | Coc:2    | Killed a shard shrike
 55542 | Coc:2    | Noticed a shard shrike
 55553 | Coc:2    | Killed a shard shrike
 55627 | Coc:2    | Noticed a shard shrike
 55637 | Coc:2    | Killed a shard shrike
 55737 | Coc:2    | Noticed a shard shrike
 55738 | Coc:2    | Killed a shard shrike
 55824 | Coc:2    | Noticed a shard shrike
 55830 | Coc:2    | Killed a shard shrike
 55830 | Coc:2    | Reached XP level 24. HP: 237/237 MP: 22/22
 55900 | Coc:3    | Found a gateway to Hell.
 55946 | Coc:3    | Found a gateway to Hell.
 56007 | Coc:3    | Noticed a shard shrike
 56007 | Coc:3    | Noticed a shard shrike
 56015 | Coc:3    | Killed a shard shrike
 56023 | Coc:3    | Killed a shard shrike
 56141 | Coc:3    | Noticed a shard shrike
 56142 | Coc:3    | Killed a shard shrike
 56199 | Coc:3    | Received a gift from Trog
 56361 | Coc:3    | Noticed a shard shrike
 56375 | Coc:3    | Killed a shard shrike
 56562 | Coc:3    | Found a gateway to Hell.
 56684 | Coc:3    | Noticed a shard shrike
 56695 | Coc:3    | Killed a shard shrike
 57387 | Coc:3    | Found a gateway to Hell.
 57794 | Coc:3    | Received a gift from Trog
 57850 | Coc:3    | Noticed a shard shrike
 57858 | Coc:3    | Killed a shard shrike
 58565 | Coc:4    | Found a gateway to Hell.
 58777 | Coc:4    | Found a gateway to Hell.
 59239 | Coc:4    | Noticed a shard shrike
 59241 | Coc:4    | Noticed a shard shrike
 59245 | Coc:4    | Killed a shard shrike
 59247 | Coc:4    | Killed a shard shrike
 59279 | Coc:4    | Received a gift from Trog
 59414 | Coc:4    | Noticed a shard shrike
 59415 | Coc:4    | Killed a shard shrike
 59492 | Coc:4    | Noticed a shard shrike
 59504 | Coc:4    | Killed a shard shrike
 59730 | Coc:4    | Noticed a shard shrike
 59735 | Coc:4    | Killed a shard shrike
 59868 | Coc:4    | Found a gateway to Hell.
 59956 | Coc:5    | Found a gateway to Hell.
 59965 | Coc:5    | Reached XP level 25. HP: 248/248 MP: 22/22
 60117 | Coc:5    | Received a gift from Trog
 60184 | Coc:5    | Noticed an ancient lich
 60199 | Coc:5    | Noticed a shard shrike
 60212 | Coc:5    | Killed a shard shrike
 60226 | Coc:5    | Killed an ancient lich
 60549 | Coc:5    | Found a gateway to Hell.
 60633 | Coc:5    | Found a gateway to Hell.
 60649 | Coc:5    | Found a gateway to Hell.
 60727 | Coc:5    | Noticed a shard shrike
 60728 | Coc:5    | Noticed a shard shrike
 60730 | Coc:5    | Noticed a shard shrike
 60737 | Coc:5    | Killed a shard shrike
 60741 | Coc:5    | Killed a shard shrike
 60742 | Coc:5    | Killed a shard shrike
 60770 | Coc:5    | Noticed a shard shrike
 60771 | Coc:5    | Killed a shard shrike
 61316 | Coc:5    | Noticed a shard shrike
 61322 | Coc:5    | Killed a shard shrike
 61610 | Coc:5    | Noticed a shard shrike
 61620 | Coc:5    | Killed a shard shrike
 61812 | Coc:6    | Found a gateway to Hell.
 61871 | Coc:6    | Noticed a shard shrike
 61885 | Coc:6    | Killed a shard shrike
 61929 | Coc:6    | Noticed a shard shrike
 61929 | Coc:6    | Noticed a shard shrike
 61930 | Coc:6    | Noticed a shard shrike
 61930 | Coc:6    | Noticed a shard shrike
 61935 | Coc:6    | Killed a shard shrike
 61936 | Coc:6    | Killed a shard shrike
 61943 | Coc:6    | Killed a shard shrike
 61945 | Coc:6    | Killed a shard shrike
 62060 | Coc:6    | Noticed a shard shrike
 62072 | Coc:6    | Killed a shard shrike
 62271 | Coc:6    | Noticed a shard shrike
 62273 | Coc:6    | Noticed a shard shrike
 62273 | Coc:6    | Noticed a shard shrike
 62274 | Coc:6    | Noticed a shard shrike
 62280 | Coc:6    | Killed a shard shrike
 62281 | Coc:6    | Killed a shard shrike
 62281 | Coc:6    | Received a gift from Trog
 62284 | Coc:6    | Killed a shard shrike
 62298 | Coc:6    | Killed a shard shrike
 62298 | Coc:6    | Reached XP level 26. HP: 164/261 MP: 22/22
 62888 | Coc:6    | Found a gateway to Hell.
 62939 | Coc:6    | Found a gateway to Hell.
 63888 | Coc:7    | Entered Level 7 of Cocytus
 63888 | Coc:7    | Found a gateway to Hell.
 63888 | Coc:7    | Found a gateway to Hell.
 63888 | Coc:7    | Found a gateway to Hell.
 64012 | Coc:7    | Received a gift from Trog
 64708 | Coc:7    | Received a gift from Trog
 64941 | Coc:7    | Reached skill level 27 in Fighting
 65216 | Coc:7    | Reached XP level 27. HP: 262/273 MP: 22/22
 65410 | Coc:7    | Reached skill level 27 in Armour
 66195 | Coc:7    | Received a gift from Trog
 68010 | Coc:7    | Received a gift from Trog
 68036 | Coc:7    | Noticed Antaeus
 70608 | Coc:7    | Identified the ring "Feikotux" {rN++ Stlth+}
 70982 | Coc:7    | Received a gift from Trog
 71086 | Coc:7    | Identified the +7 scale mail of the Spheres {rC+ Str+4
                  | Int+5}
 71634 | Coc:7    | Got an icy rune of Zot
 72634 | Depths:2 | Found a corrupted altar of Lugonu.
 72682 | Depths:2 | Received a gift from Trog
 72700 | Depths:2 | Reached skill level 27 in Dodging
 72833 | Depths:2 | Found a transporter.
 72833 | Depths:2 | Found a transporter.
 72847 | Depths:2 | Found a one-way gate to the infinite horrors of the Abyss.
 72847 | Depths:2 | Noticed Louise
 72854 | Depths:2 | Killed Louise
 72891 | Depths:2 | Found Caiseix's Food Shop.
 72905 | Depths:2 | Bought a ration for 65 gold pieces
 72905 | Depths:2 | Bought a ration for 65 gold pieces
 72905 | Depths:2 | Bought a ration for 65 gold pieces
 72905 | Depths:2 | Bought a ration for 65 gold pieces
 72905 | Depths:2 | Bought a ration for 65 gold pieces
 72905 | Depths:2 | Bought a ration for 65 gold pieces
 72905 | Depths:2 | Bought a ration for 65 gold pieces
 72905 | Depths:2 | Bought a ration for 65 gold pieces
 72905 | Depths:2 | Bought a ration for 65 gold pieces
 72905 | Depths:2 | Bought a ration for 65 gold pieces
 72905 | Depths:2 | Bought a ration for 65 gold pieces
 72905 | Depths:2 | Bought a ration for 65 gold pieces
 73457 | Depths:3 | Noticed a juggernaut
 73478 | Depths:3 | Killed a juggernaut
 73480 | Depths:3 | Reached skill level 15 in Stealth
 73493 | Depths:3 | Received a gift from Trog
 73828 | Depths:3 | Found Eta Ataomuni's Gadget Shoppe.
 73828 | Depths:3 | Found Lonekec's Jewellery Boutique.
 73829 | Depths:3 | Found Gueth's Jewellery Boutique.
 73955 | Depths:3 | Found a one-way gate leading to the halls of Pandemonium.
 74244 | Depths:3 | Bought the ring "Azaipnia" {rF++ rN+ Str+6 Dex+5} for 1660
                  | gold pieces
 74731 | Depths:4 | Found a gateway to a ziggurat.
 74736 | Depths:4 | Paralysed by a floating eye for 3 turns
 74746 | Depths:4 | Paralysed by a floating eye for 4 turns
 74822 | Depths:4 | You are sucked into a shaft and drop 1 floor!
 74822 | Depths:5 | Entered Level 5 of the Depths
 75041 | Depths:4 | Received a gift from Trog
 76031 | Depths:5 | Found a gate to the Realm of Zot.
 76794 | Zot:1    | Entered Level 1 of the Realm of Zot
 76901 | Zot:1    | Received a gift from Trog
 77114 | Zot:1    | Noticed an orb of fire
 77191 | Zot:1    | Killed an orb of fire
 77196 | Zot:1    | Noticed an orb of fire
 77202 | Zot:1    | Gained mutation: You are frail. (-10% HP) [an orb of fire]
 77203 | Zot:1    | Gained mutation: Your magical capacity is low. (-10% MP)
                  | [an orb of fire]
 77208 | Zot:1    | Killed an orb of fire
 77957 | Zot:2    | Found a runed translucent door.
 77958 | Zot:2    | Noticed Kuapef's ghost (journeyman SpEn)
 78022 | Zot:2    | Killed Kuapef's ghost
 78352 | Zot:2    | Received a gift from Trog
 78381 | Zot:2    | Identified the +10 battleaxe "Tyneg" {vorpal, rPois Str+3}
                  | (Trog gifted it to you on level 2 of the Realm of Zot)
 79450 | Zot:3    | Received a gift from Trog
 79793 | Zot:3    | You are sucked into a shaft and drop 1 floor!
 79987 | Zot:3    | Noticed an orb of fire
 80002 | Zot:3    | Killed an orb of fire
 81069 | Zot:5    | Entered Level 5 of the Realm of Zot
 81076 | Zot:5    | Noticed an orb of fire
 81084 | Zot:5    | Noticed an orb of fire
 81084 | Zot:5    | Gained mutation: Armour fits poorly on your strangely
                  | shaped body. [an orb of fire]
 81109 | Zot:5    | Gained mutation: Potions are less effective at restoring
                  | your health. [an orb of fire]
 81109 | Zot:5    | Noticed an ancient lich
 81109 | Zot:5    | Gained mutation: You are clumsy. (Dex -2) [mutagenic glow]
 81110 | Zot:5    | Gained mutation: You are occasionally teleported next to
                  | monsters. [an orb of fire]
 81116 | Zot:5    | Gained mutation: You expend magic power (3 MP) to
                  | strengthen your wands. [an orb of fire]
 81119 | Zot:5    | Killed an orb of fire
 81124 | Zot:5    | Noticed an ancient lich
 81131 | Zot:5    | HP: 10/245 [Orb Guardian (8)]
 81132 | Zot:5    | Annihilated by an Orb Guardian

Illustrated notes

Levels and vault maps discovered:
D:1:      lemuel_arrival_funnel, layout_rooms
D:2:      layout_basic, first_ration, uniq_sigmund
D:3:      layout_basic, elyvilon_altar_5, minmay_bisected
D:4:      layout_rooms, chequers_temple_overflow_statue_of_worship,
          kiku_gazebo_pond_becter, serial_shops, shop, minmay_misc_feat_pillars,
          minmay_fountain_box
D:5:      layout_basic, nemelex_spade_bored_becter, uniq_duvessa, uniq_eustachio
D:6:      layout_basic, kennysheep_mini, lemuel_temple_firewalk_b, serial_shops,
          shop
D:7:      layout_rooms, grunt_ogre_cave
D:8:      layout_loops_ring, nicolae_ru_awakened_eye
D:9:      minmay_distorted_concentric_squares, layout_loops_cross, orc_0_dummy,
          lemuel_statue_altar
D:10:     layout_rooms, minmay_ruined_shrine
D:11:     layout_big_octagon, grunt_lair_entry_orc_guard_hut, dk_noncrumbling_4,
          minmay_misc_feat_cross, chequers_serial_rivers_marsh,
          grunt_ministairs_6, uniq_harold, uniq_gastronok
D:12:     layout_stronghold, serial_shops, nicolae_shop_waterfront, serial_ice,
          serial_ice_d, serial_ice_a, serial_ice_l, serial_ice_o, serial_ice_c,
          serial_ice_f, portal_ice_cave_entry_animals_and_master, uniq_josephine
D:13:     kennysheep_treasure_stockpile, layout_irregular_city,
          nicolae_trove_entry_diagonal, st_stairs_7, drop_trap,
          chequers_serial_rivers_marsh
D:14:     layout_gridville, skrybe_vaults_entry_preservation,
          gauntlet_entry_generic, minmay_crystal_room
D:15:     grunt_enter_depths_snipers, layout_layer_cave, minmay_misc_feat_chi
Lair:1:   layout_regular_city, roderic_batcave, patterned_corridor,
          infiniplex_staircase_pool, uniq_grum
Lair:2:   layout_roguey [special_room_bee], palyth_hydra_swamp_entry,
          minmay_lair_oklob_items, infiniplex_staircase_pool_2,
          serial_bayou_shore_a, lemuel_fruit_fields
Lair:3:   layout_loops_ring, nicolae_spider_entry_non_spiders,
          lemuel_fruit_fields
Lair:4:   layout_cave_pods, serial_bayou_crossing
Lair:5:   layout_cave_pods
Lair:6:   guppyfry_lair_end_dragon, layout_concentric_octagons,
          hangedman_lair_in_review, minmay_slime_entry_pillars, uniq_kirke
Swamp:1:  layout_basic_swamp, evilmike_swamp_ruin_rubble_1, uniq_aizul
Swamp:2:  layout_falls_marsh, hangedman_swamp_lotus
Swamp:3:  layout_basic_swamp, evilmike_swamp_ruin_rubble_2
Swamp:4:  swamp_alternative, layout_basic_swamp
Spider:1: layout_spider_delve, drop_trap, spiders_nest_spider_trap, uniq_frances
Spider:2: layout_chambers
Spider:3: layout_spider_delve
Spider:4: spider_rune_water, uniq_nikola
Orc:1:    layout_caves
Orc:2:    pubby_orc_utopia, serial_shops
Vaults:1: nicolae_vaults_branching_niches, vaults_room_grunt_arrival_ludios,
          nicolae_vaults_theta, hangedman_vaults_stretched_pinwheel,
          hangedman_vaults_restitches, ontoclasm_vaults_fault,
          ontoclasm_vaults_chip, vaults_dpeg_diagonal, layout_vaults_omnigrid,
          serial_shops, statue_bzr
Vaults:2: v_misc_26, vaults_dpeg_spiral, minmay_crypt_entry_simple_statues,
          vaults_room_fours, vaults_room_stairs_pillars, v_alt_pattern_3,
          v_pattern_2, vaults_room_semicircle, vaults_mumra_minichess,
          ontoclasm_vaults_hangar, vaults_room_pool, ontoclasm_vaults_gateway,
          layout_vaults_big_room
Vaults:3: nicolae_vaults_bisected_exclaves,
          nicolae_vaults_windows_and_doors_thing,
          nicolae_vaults_stairing_the_circle, hangedman_vaults_nodes,
          vaults_room_grid, hangedman_vaults_cutoff, ontoclasm_vaults_chip,
          nicolae_vaults_little_squares_6, vaults_room_grid,
          ontoclasm_vaults_shuriken, ontoclasm_vaults_loading_screen,
          vaults_room_pool, layout_vaults_omnicross
Vaults:4: nicolae_vaults_mini_display_case, v_alt_pattern_4,
          nicolae_vaults_what_the_h, st_quartered_hall, nicolae_vaults_big_ls,
          nicolae_vaults_hallways_thing, ontoclasm_vaults_decontamination,
          v_misc_11, v_alt_pattern_1, v_misc_31, v_alt_pattern_3,
          vaults_room_door_ring, vaults_room_fours,
          ontoclasm_vaults_loading_screen, nicolae_vaults_theta,
          layout_vaults_ring, uniq_mennas
Depths:1: layout_gridlike, serial_shops, shop, nicolae_shop_waterfront,
          nicolae_shop_competitors_out_of_business,
          minmay_misc_feat_secret_circle, hell_entry, kennysheep_generic_room_4
Depths:2: gammafunk_corrupted_shrine, layout_gridlike, hell_entry, serial_shops,
          shop_fountains, nicolae_abyss_entry_one_way_or_another,
          hangedman_abyss_or_decor_lesser_grid, minmay_staircase_windowed_small,
          grunt_megastairs_3
Depths:3: minmay_the_grid_4x2 [minmay_the_grid_expand, minmay_the_grid_eight,
          minmay_the_grid_paths, minmay_the_grid_large_cup,
          minmay_the_grid_mess, minmay_the_grid_diamond_grid,
          minmay_the_grid_gridbox,
          minmay_the_grid_prize_four_corners_diamond_b], layout_cave_pools,
          grunt_pan_entry_spiral, pf_hell_entry_tar_river, minmay_shop_grove,
          infiniplex_staircase_squiggle
Depths:4: minmay_haunted_quarter, layout_basic, enter_ziggurat_c, abyss_entry,
          pan_entry, serial_bayou_shore_b, hell_entry
Depths:5: grunt_zot_entry_hairpin, layout_gridlike, lightli_too_deep,
          abyss_entry, grunt_decor_cap
Hell
Coc:1:    layout_ice_bergs
Coc:2:    layout_cocytus_water_paths, serial_ice, serial_ice_e
Coc:3:    layout_cocytus_water_paths
Coc:4:    layout_ice_bergs
Coc:5:    layout_cocytus_water_paths
Coc:6:    layout_cocytus_water_paths
Coc:7:    coc_old
Zot:1:    lemuel_firehouse, layout_concentric_octagons
Zot:2:    layout_concentric_octagons, ebering_ghost_inner_flame
Zot:3:    layout_twisted_circle, grunt_ministairs_10
Zot:4:    layout_basic, grunt_ministairs_7
Zot:5:    layout_misc_corridors, lemuel_baited_zot_trap

Skill      XL: |  1  2  3  4  5  6  7  8  9 10 11 12 13 14 15 16 17 18 19 20 21 22 23 24 25 26 27 |
---------------+----------------------------------------------------------------------------------+-----
Axes           | 4 6 7 8 10 11 13 16 17 19 20 22 23 24 25 26 | 26.0
Fighting       | 4 5 6 7 8 9 10 12 13 15 17 18 19 20 21 22 23 24 26 27 | 27.0
Armour         | 3 4 5 7 9 10 12 13 15 16 17 18 19 20 21 22 23 25 26 27 | 27.0
Dodging        | 3 4 5 6 7 9 10 12 14 15 17 18 20 21 27 | 27.0
Stealth        | 3 10 12 13 23 | 23.8

Action                   |  1- 3 |  4- 6 |  7- 9 | 10-12 | 13-15 | 16-18 | 19-21 | 22-24 | 25-27 || total
-------------------------+-------+-------+-------+-------+-------+-------+-------+-------+-------++-------
Melee: Hand axe          |    62 |   156 |   188 |       |    72 |       |       |       |       ||   478
       Headbutt          |     5 |    29 |    38 |   121 |   268 |   319 |   257 |   498 |   780 ||  2315
       Battleaxe         |       |       |    55 |   489 |   657 |   748 |   701 |  1280 |  2144 ||  6074
       Executioner's axe |       |       |       |       |    76 |   271 |       |       |       ||   347
Throw: Boomerang         |       |       |       |       |       |       |       |     5 |       ||     5
Invok: Berserk           |     1 |     3 |     6 |    14 |     7 |     8 |     2 |     3 |     5 ||    49
       Trog's Hand       |       |     2 |     1 |     1 |     1 |     3 |     2 |     3 |     4 ||    17
       Brothers in Arms  |       |       |     1 |     2 |     2 |     2 |     4 |       |     3 ||    14
 Abil: Evoke Invisibilit |       |       |       |       |       |     1 |       |       |       ||     1
Evoke: Phantom mirror    |       |       |       |       |       |     1 |       |       |       ||     1
       Wand              |       |       |       |       |       |     1 |       |       |     1 ||     2
  Use: Scroll            |       |       |     3 |     5 |    33 |     8 |    10 |     6 |    21 ||    86
       Potion            |       |       |       |       |     2 |     4 |    10 |     3 |    12 ||    31
 Stab: Sleeping          |       |     1 |       |       |       |       |     4 |     1 |    15 ||    21
       Confused          |       |       |       |       |       |     1 |       |       |       ||     1
       Invisible         |       |       |       |       |       |     4 |       |       |       ||     4
       Distracted        |       |       |       |       |       |     1 |     3 |     4 |     7 ||    15
  Eat: Chunk             |       |     9 |    10 |    15 |    34 |    25 |    16 |     9 |    30 ||   148
       Ration            |       |     1 |     3 |     4 |     4 |    11 |     4 |    10 |    13 ||    50
Armor: Animal skin       |     5 |       |       |       |       |       |       |       |       ||     5
       Leather armour    |    11 |     8 |       |       |       |       |       |       |       ||    19
       Scale mail        |       |    46 |    60 |       |       |       |       |       |       ||   106
       Plate armour      |       |       |    44 |   215 |   393 |   820 |   267 |   429 |   599 ||  2767
       Skin              |       |       |     1 |       |       |       |       |       |       ||     1
       Ice dragon scales |       |       |       |    40 |    17 |       |       |       |       ||    57
       Storm dragon scal |       |       |       |       |    41 |       |       |       |       ||    41
Dodge: Dodged            |    38 |   109 |   107 |   232 |   590 |  1173 |   704 |  1450 |  2688 ||  7091
       Repelled          |       |       |       |       |       |       |    44 |    23 |    46 ||   113
